MLB
NEW YORK YANKEES @ COLORADO ROCKIES
07/13/2098
 
TOP OF THE 1ST
New York Yankees batting - Pitching for Colorado Rockies : LHP Kevin Tomchek
Pitching: LHP Kevin Tomchek
Batting: RHB Carlos Jeronimo 0-0: SINGLE (Line Drive, 9S, EV 96.9 MPH)
Batting: SHB Seth Hardenbrook 0-0: Called Strike
0-1: Swinging Strike
0-2: Ball
1-2: 2-RUN HOME RUN (Flyball, 7D, EV 96.3 MPH), Distance : 385 ft
Batting: RHB Brandon Thomas 0-0: Ball
1-0: Ball
2-0: Called Strike
2-1: Swinging Strike
2-2: Foul Ball, location: 3SF
2-2: Strikes out looking
Batting: RHB Zach Sterling 0-0: Ball
1-0: Foul Ball, location: 5DF
1-1: Ball
2-1: Ball
3-1: Base on Balls
Batting: LHB Bill Hayden 0-0: Foul Ball, location: 2F
0-1: Ball
1-1: Swinging Strike
1-2: Ball
2-2: SINGLE (Groundball, 4MD, EV 95.0 MPH)
Zach Sterling to second
Runner from 2nd tries for 3rd, SAFE, throw by CF made to third
Batting: RHB Aaron Comeaux 0-0: Called Strike
0-1: Fielders Choice at 2nd, 6-4 (Groundball, 6, EV 83.1 MPH)
Zach Sterling scores
Batting: RHB Cedric Tracy 0-0: Fielders Choice at 2nd, U6 (Groundball, 6M, EV 85.6 MPH)
Top of the 1st over - 3 runs, 3 hits, 0 errors, 1 left on base; New York 3 - Colorado 0
BOTTOM OF THE 1ST
Colorado Rockies batting - Pitching for New York Yankees : LHP Griff Hill
Pitching: LHP Griff Hill
Batting: SHB Brian Hatcher 0-0: Swinging Strike
0-1: Ball
1-1: Ball
2-1: Called Strike
2-2: Ball
3-2: Base on Balls
Batting: RHB Mike Woodard 0-0: Called Strike
0-1: Ball
1-1: Fly out, F7 (Flyball, 7, EV 99.4 MPH)
Batting: RHB Kosuke Sakai 0-0: Ball
1-0: Called Strike
1-1: Grounds into double play, 4-6-3 (Groundball, 4, EV 83.1 MPH)
Bottom of the 1st over - 0 runs, 0 hits, 0 errors, 0 left on base; New York 3 - Colorado 0
TOP OF THE 2ND
New York Yankees batting - Pitching for Colorado Rockies : LHP Kevin Tomchek
Batting: SHB Chris Clark 0-0: Foul Ball, location: 9LSF
0-1: Called Strike
0-2: Foul Ball, location: 7LDF
0-2: Foul Ball, location: 23F
0-2: Ball
1-2: Ground out 6-3 (Groundball, P, EV 81.3 MPH)
Batting: RHB Robby Junker 0-0: Fly out, F4 (Popup, 3S, EV 83.1 MPH)
Pitching: RHP Chris Colbert
Batting: RHB Carlos Jeronimo 0-0: Called Strike
0-1: Ground out 6-3 (Groundball, 6, EV 86.3 MPH)
Top of the 2nd over - 0 runs, 0 hits, 0 errors, 0 left on base; New York 3 - Colorado 0
BOTTOM OF THE 2ND
Colorado Rockies batting - Pitching for New York Yankees : LHP Griff Hill
Batting: RHB Tony Thomas 0-0: Ball
1-0: Ball
2-0: SINGLE (Groundball, 5D, EV 101.9 MPH)
Batting: RHB Orlando Serrano 0-0: Called Strike
0-1: Ball
1-1: SINGLE (Flyball, 3D, EV 96.3 MPH)
Tony Thomas to second
Batting: LHB Carlos Parez 0-0: Ball
1-0: Called Strike
1-1: Fly out, F8 (Flyball, 8RD, EV 86.9 MPH)
Runner from 2nd tags up, SAFE at 3rd with throw by CF
Batting: RHB Brenden Oxton 0-0: Ball
1-0: Swinging Strike
1-1: Ball
2-1: DOUBLE (Flyball, 7LD, EV 103.1 MPH)
Tony Thomas scores
Orlando Serrano to third
Runner from 3rd tries for Home, SAFE, no throw by LF
Batting: RHB John Stevens 0-0: Ball
1-0: Ball
2-0: Ball
3-0: Called Strike
3-1: Called Strike
3-2: Fly out, F6 (Popup, P, EV 75.6 MPH)
Batting: LHB Jesus Pena 0-0: SINGLE (Line Drive, 7S, EV 97.5 MPH)
Brenden Oxton to third
Runner from 3rd tries for Home, SAFE, throw by LF to home
Batting: SHB Brian Hatcher 0-0: Called Strike
0-1: Swinging Strike
0-2: Fly out, F3 (Popup, 3SF, EV 83.1 MPH)
Bottom of the 2nd over - 3 runs, 4 hits, 0 errors, 1 left on base; New York 3 - Colorado 3
TOP OF THE 3RD
New York Yankees batting - Pitching for Colorado Rockies : RHP Chris Colbert
Batting: SHB Seth Hardenbrook 0-0: Ball
1-0: Ball
2-0: Foul Ball, location: 2F
2-1: Ball
3-1: Fly out, F6 (Popup, 6, EV 68.1 MPH)
Batting: RHB Brandon Thomas 0-0: Called Strike
0-1: Swinging Strike
0-2: Ball
1-2: Strikes out swinging
Batting: RHB Zach Sterling 0-0: Called Strike
0-1: Ball
1-1: Swinging Strike
1-2: Ball
2-2: Ball
3-2: Strikes out swinging
Top of the 3rd over - 0 runs, 0 hits, 0 errors, 0 left on base; New York 3 - Colorado 3
BOTTOM OF THE 3RD
Colorado Rockies batting - Pitching for New York Yankees : LHP Griff Hill
Batting: RHB Mike Woodard 0-0: Ball
1-0: Ball
2-0: Ball
3-0: Called Strike
3-1: SINGLE (Line Drive, 8LM, EV 89.4 MPH)
Batting: RHB Kosuke Sakai 0-0: Grounds into double play, 4-6-3 (Groundball, 13, EV 93.8 MPH)
Batting: RHB Tony Thomas 0-0: Ground out 6-3 (Groundball, 6, EV 98.1 MPH)
Bottom of the 3rd over - 0 runs, 1 hit, 0 errors, 0 left on base; New York 3 - Colorado 3
TOP OF THE 4TH
New York Yankees batting - Pitching for Colorado Rockies : RHP Chris Colbert
Batting: LHB Bill Hayden 0-0: Ball
1-0: Ball
2-0: Ball
3-0: Called Strike
3-1: DOUBLE (Line Drive, 3D, EV 101.9 MPH)
Batting: RHB Aaron Comeaux 0-0: Ball
1-0: Swinging Strike
1-1: Foul Ball, location: 2F
1-2: Foul Ball, location: 7LSFF
1-2: Strikes out looking
Batting: RHB Cedric Tracy 0-0: Ground out 6-3 (Groundball, 6, EV 86.3 MPH)
Batting: SHB Chris Clark 0-0: Ball
1-0: Called Strike
1-1: Ball
2-1: Ball
3-1: Foul Ball, location: 3F
3-2: Fly out, F9 (Line Drive, 89M, EV 83.8 MPH)
Top of the 4th over - 0 runs, 1 hit, 0 errors, 1 left on base; New York 3 - Colorado 3
BOTTOM OF THE 4TH
Colorado Rockies batting - Pitching for New York Yankees : LHP Griff Hill
Batting: RHB Orlando Serrano 0-0: Called Strike
0-1: Ball
1-1: Swinging Strike
1-2: Strikes out swinging
Batting: LHB Carlos Parez 0-0: DOUBLE (Line Drive, 7LD, EV 106.3 MPH)
Batting: RHB Brenden Oxton 0-0: Foul Ball, location: 7LDF
0-1: Ground out 5-3 (Groundball, 56, EV 83.8 MPH)
Batting: RHB John Stevens 0-0: Ball
1-0: Foul Ball, location: 9LMF
1-1: SINGLE (Groundball, 56D, EV 100.6 MPH)
Carlos Parez to third
Runner from 3rd tries for Home, SAFE, throw by LF to home
Batting: LHB Jesus Pena 0-0: Called Strike
0-1: Ball
1-1: Ball
2-1: Ground out 5-3 (Groundball, 56S, EV 68.1 MPH)
Bottom of the 4th over - 1 run, 2 hits, 0 errors, 1 left on base; New York 3 - Colorado 4
TOP OF THE 5TH
New York Yankees batting - Pitching for Colorado Rockies : RHP Chris Colbert
Batting: RHB Robby Junker 0-0: Called Strike
0-1: Foul Ball, location: 5F
0-2: Foul Ball, location: 2F
0-2: SINGLE (Groundball, 4MD, EV 100.6 MPH)
Pitching: RHP Doug Craig
Batting: RHB Carlos Jeronimo 0-0: Called Strike
0-1: Swinging Strike
0-2: Strikes out swinging
Batting: SHB Seth Hardenbrook 0-0: Ball
1-0: Ball
2-0: Ball
3-0: Called Strike
3-1: Called Strike
3-2: Base on Balls
Robby Junker to second
Batting: RHB Brandon Thomas 0-0: Foul Ball, location: 5FF
0-1: 3-RUN HOME RUN (Flyball, 9LD, EV 93.1 MPH), Distance : 357 ft
Batting: RHB Zach Sterling 0-0: Ball
1-0: Foul Ball, location: 9LSF
1-1: Ball
2-1: Ball
3-1: Called Strike
3-2: Foul Ball, location: 2F
3-2: Foul Ball, location: 9LMF
3-2: SINGLE (Line Drive, 8LS, EV 100.6 MPH)
Batting: LHB Bill Hayden 0-0: Called Strike
0-1: Foul Ball, location: 5F
0-2: Ball
1-2: Strikes out swinging
Batting: RHB Aaron Comeaux 0-0: Ball
1-0: Ball
Passed Ball!
Zach Sterling to second
2-0: SINGLE (Line Drive, 78M, EV 96.9 MPH)
Zach Sterling to third
Runner from 3rd tries for Home, SAFE, throw by LF to home
Pitching: LHP Zander Gonzalez
Batting: RHB Cedric Tracy 0-0: Fielders Choice at 2nd, 5-4 (Groundball, 5, EV 86.9 MPH)
Top of the 5th over - 4 runs, 4 hits, 0 errors, 1 left on base; New York 7 - Colorado 4
BOTTOM OF THE 5TH
Colorado Rockies batting - Pitching for New York Yankees : LHP Griff Hill
Batting: SHB Brian Hatcher 0-0: Ball
1-0: Ball
2-0: Foul Ball, location: 9LSF
2-1: Swinging Strike
2-2: Strikes out swinging
Batting: RHB Mike Woodard 0-0: Ball
1-0: Called Strike
1-1: Fly out, F8 (Flyball, 8LD, EV 105.6 MPH)
Batting: RHB Kosuke Sakai 0-0: Ball
1-0: Swinging Strike
1-1: Fly out, F9 (Flyball, 9D, EV 95.6 MPH)
Bottom of the 5th over - 0 runs, 0 hits, 0 errors, 0 left on base; New York 7 - Colorado 4
TOP OF THE 6TH
New York Yankees batting - Pitching for Colorado Rockies : LHP Zander Gonzalez
Batting: SHB Chris Clark 0-0: Foul Ball, location: 7LMF
0-1: Ground out 1-3 (Groundball, 34S, EV 72.5 MPH)
Batting: RHB Robby Junker 0-0: Foul Ball, location: 2F
0-1: Swinging Strike
0-2: Ball
1-2: Foul Ball, location: 9LMF
1-2: Ball
2-2: Foul Ball, location: 9LMF
2-2: Ball
3-2: Ground out 4-3 (Groundball, 4, EV 79.4 MPH)
Batting: RHB Carlos Jeronimo 0-0: Fly out, F2 (Popup, 23F, EV 79.4 MPH)
Top of the 6th over - 0 runs, 0 hits, 0 errors, 0 left on base; New York 7 - Colorado 4
BOTTOM OF THE 6TH
Colorado Rockies batting - Pitching for New York Yankees : LHP Griff Hill
Batting: RHB Tony Thomas 0-0: Called Strike
0-1: Ball
1-1: Ball
2-1: Foul Ball, location: 5FF
2-2: Fly out, F3 (Popup, 3, EV 80.0 MPH)
Batting: RHB Orlando Serrano 0-0: Ball
1-0: Ball
2-0: Ground out 6-3 (Groundball, 6S, EV 97.5 MPH)
Batting: LHB Carlos Parez 0-0: Ball
1-0: SINGLE (Line Drive, 9S, EV 103.1 MPH)
Batting: RHB Brenden Oxton 0-0: Ball
1-0: Called Strike
1-1: Ball
2-1: Ball
3-1: Ground out 5-3 (Groundball, 15, EV 81.9 MPH)
Bottom of the 6th over - 0 runs, 1 hit, 0 errors, 1 left on base; New York 7 - Colorado 4
TOP OF THE 7TH
New York Yankees batting - Pitching for Colorado Rockies : LHP Zander Gonzalez
Batting: SHB Seth Hardenbrook 0-0: Called Strike
0-1: Ball
1-1: Ball
2-1: Swinging Strike
2-2: Ball
3-2: Strikes out swinging
Batting: RHB Brandon Thomas 0-0: SINGLE (Groundball, 6MD, EV 99.4 MPH)
Batting: RHB Zach Sterling 0-0: Swinging Strike
0-1: Called Strike
0-2: Foul Ball, location: 3FF
0-2: Ball
1-2: Ball
2-2: Fly out, F8 (Flyball, 78M, EV 85.6 MPH)
Batting: LHB Bill Hayden 0-0: Ball
1-0: Ball
2-0: SINGLE (Flyball, 78S, EV 91.9 MPH)
Brandon Thomas to second
Batting: RHB Aaron Comeaux 0-0: Called Strike
0-1: Ball
1-1: Fly out, F8 (Flyball, 8LXD, EV 103.1 MPH)
Top of the 7th over - 0 runs, 2 hits, 0 errors, 2 left on base; New York 7 - Colorado 4
BOTTOM OF THE 7TH
Colorado Rockies batting - Pitching for New York Yankees : LHP Griff Hill
Batting: RHB John Stevens 0-0: Called Strike
0-1: Ball
1-1: Swinging Strike
1-2: Foul Ball, location: 9LMF
1-2: Ground out 5-3 (Groundball, 5S, EV 93.1 MPH)
Pinch Hitting: LHB Jeremy Papish 0-0: Called Strike
0-1: Ball
1-1: Foul Ball, location: 7LSF
1-2: Ball
2-2: Ball
3-2: Fly out, F8 (Flyball, 8RS, EV 93.8 MPH)
Batting: SHB Brian Hatcher 0-0: Ball
1-0: DOUBLE (Flyball, 8LXD, EV 102.5 MPH)
Pitching: LHP Brandon Moore
Batting: RHB Mike Woodard 0-0: Called Strike
0-1: Foul Ball, location: 9LMF
0-2: Strikes out swinging
Bottom of the 7th over - 0 runs, 1 hit, 0 errors, 1 left on base; New York 7 - Colorado 4
TOP OF THE 8TH
New York Yankees batting - Pitching for Colorado Rockies : LHP Zander Gonzalez
Pitching: RHP Kevin Kulik
Now in CF: Jeremy Papish
Batting: RHB Cedric Tracy 0-0: Foul Ball, location: 25F
0-1: Ground out U3 (Groundball, 34, EV 103.1 MPH)
Batting: SHB Chris Clark 0-0: Called Strike
0-1: Ground out 6-3 (Groundball, 4MD, EV 99.4 MPH)
Batting: RHB Robby Junker 0-0: Ball
1-0: Ball
2-0: Called Strike
2-1: SOLO HOME RUN (Flyball, 78XD, EV 98.1 MPH), Distance : 400 ft
Batting: RHB Carlos Jeronimo 0-0: Ball
1-0: Ball
2-0: Ground out 6-3 (Groundball, 6, EV 106.9 MPH)
Top of the 8th over - 1 run, 1 hit, 0 errors, 0 left on base; New York 8 - Colorado 4
BOTTOM OF THE 8TH
Colorado Rockies batting - Pitching for New York Yankees : LHP Brandon Moore
Batting: RHB Kosuke Sakai 0-0: Called Strike
0-1: Ball
1-1: Ball
2-1: Foul Ball, location: 2F
2-2: Foul Ball, location: 5FF
2-2: Ball
3-2: Fly out, F9 (Flyball, 9S, EV 87.5 MPH)
Batting: RHB Tony Thomas 0-0: Ball
1-0: SOLO HOME RUN (Flyball, 78XD, EV 98.1 MPH), Distance : 405 ft
Batting: RHB Orlando Serrano 0-0: Ball
1-0: Called Strike
1-1: Ball
2-1: Foul Ball, location: 5F
2-2: Ground out 6-3 (Groundball, 56, EV 102.5 MPH)
Batting: LHB Carlos Parez 0-0: Foul Ball, location: 2F
0-1: Called Strike
0-2: Foul Ball, location: 7LMF
0-2: Fly out, F4 (Popup, 4, EV 62.5 MPH)
Bottom of the 8th over - 1 run, 1 hit, 0 errors, 0 left on base; New York 8 - Colorado 5
TOP OF THE 9TH
New York Yankees batting - Pitching for Colorado Rockies : RHP Kevin Kulik
Batting: SHB Seth Hardenbrook 0-0: Called Strike
0-1: Ball
1-1: Called Strike
1-2: Strikes out swinging
Batting: RHB Brandon Thomas 0-0: Called Strike
0-1: Ball
1-1: Foul Ball, location: 2F
1-2: Strikes out swinging
Batting: RHB Zach Sterling 0-0: Called Strike
0-1: Foul Ball, location: 9LDF
0-2: Ball
1-2: Ball
2-2: Foul Ball, location: 2F
2-2: SINGLE (Groundball, 56, EV 103.8 MPH)
Batting: LHB Bill Hayden 0-0: Ball
Wild Pitch!
Zach Sterling to second
1-0: Swinging Strike
1-1: Ground out 6-3 (Groundball, 6, EV 83.8 MPH)
Top of the 9th over - 0 runs, 1 hit, 0 errors, 1 left on base; New York 8 - Colorado 5
BOTTOM OF THE 9TH
Colorado Rockies batting - Pitching for New York Yankees : LHP Brandon Moore
Pitching: RHP Jon Barton
Pinch Hitting: LHB Jim Davis 0-0: Ball
1-0: Fly out, F7 (Line Drive, 78D, EV 89.4 MPH)
Pinch Hitting: LHB Glenn Sewell 0-0: Ball
1-0: Foul Ball, location: 5FF
1-1: Ball
2-1: Foul Ball, location: 5FF
2-2: Fly out, F9 (Flyball, 9, EV 80.0 MPH)
Batting: LHB Jeremy Papish 0-0: Ball
1-0: Foul Ball, location: 3FF
1-1: Foul Ball, location: 23FF
1-2: DOUBLE (Flyball, 8LXD, EV 99.4 MPH)
Batting: SHB Brian Hatcher 0-0: Ball
1-0: Ball
2-0: SINGLE (Groundball, 34D, EV 104.4 MPH)
Jeremy Papish to third
Batting: RHB Mike Woodard 0-0: Foul Ball, location: 2F
0-1: Foul Ball, location: 9LDF
0-2: Ball
1-2: Ball
2-2: Ball
3-2: Base on Balls
Brian Hatcher to second
Batting: RHB Kosuke Sakai 0-0: Called Strike
0-1: Swinging Strike
0-2: Strikes out swinging
Bottom of the 9th over - 0 runs, 2 hits, 0 errors, 3 left on base; New York 8 - Colorado 5
Tuesday, April 9th , 2024 - OOTP Baseball 24.11 Build 85